 Dungeon Crawl Stone Soup version 0.16.0-11-gd45b091 (webtiles) character file.

664162 ketsa the Executioner (level 27, -19/171 (188) HPs)
             Began as a Demonspawn Berserker on Mar 13, 2015.
             Was the Champion of Trog.
             Demolished by an Orb Guardian (45 damage)
             ... on level 3 of the Realm of Zot on Mar 17, 2015.
             The game lasted 09:21:10 (83484 turns).

ketsa the Executioner (Demonspawn Berserker)       Turns: 83484, Time: 09:21:10

HP:   -19/171 (188) AC: 39    Str: 26    XL:     27
MP:   0/35          EV: 13    Int: 12    God:    Trog [******]
Gold: 6278          SH:  0    Dex: 18    Spells: 0 memorised, 26 levels left

rFire  + + .     SeeInvis +     H - +9 battleaxe of Xephogua {chop, rF+}
rCold  . . .     Clarity  .     d - +5 plate armour {MR+}
rNeg   + . .     SustAb   .     (no shield)
rPois  +         Gourm    .     a - +3 crown of Dyrovepreva {rElec Int+2 SInv}
rElec  +         Spirit   +     L - +2 cloak {MR+}
rCorr  .         Warding  .     (gloves unavailable)
rMut   .         Stasis   .     q - +1 pair of boots
MR     ++++.                    B - amulet of regeneration
Stlth  ..........               v - ring of protection from fire
                                A - ring "Khohion" {rN+ Dex+2}

@: about to teleport, incredibly resistant to hostile enchantments, extremely
unstealthy
A: claws 3, slimy green scales 3, frail 2, powered by death 3, augmentation 3,
magic shield, magic regeneration, magic link
a: Burn Spellbooks, Berserk, Trog's Hand, Brothers in Arms, Renounce Religion
0: Orb of Zot
}: 4/15 runes: decaying, serpentine, slimy, silver


You were on level 3 of the Realm of Zot.
You worshipped Trog.
Trog was exalted by your worship.
You were not hungry.

You visited 11 branches of the dungeon, and saw 62 of its levels.
You visited 2 bazaars.
You also visited: Ossuary and Ice Cave.

You collected 10813 gold pieces.
You spent 4535 gold pieces at shops.

Inventory:

Hand weapons
 E - the +6 broad axe of Gehenna {freeze, -Cast +Fly rElec rPois MR+}
   (Trog gifted it to you on level 2 of the Pits of Slime)

   It has been specially enchanted to freeze those struck by it, causing extra
   injury to most foes and up to half again as much damage against particularly
   susceptible opponents.
   It can also slow down cold-blooded creatures.
   It insulates you from electricity.
   It protects you from poison.
   It affects your resistance to hostile enchantments.
   It lets you fly.
   It prevents spellcasting.
 H - the +9 battleaxe of Xephogua (weapon) {chop, rF+}
   (Trog gifted it to you on level 5 of the Snake Pit)

   It inflicts extra damage upon your enemies.
   It protects you from fire.
 Z - a +2 vampiric broad axe
Missiles
 e - 3 tomahawks of returning (quivered)
Armour
 a - the +3 crown of Dyrovepreva (worn) {rElec Int+2 SInv}
   (You bought it in a shop on level 8 of the Dungeon)

   It affects your intelligence (+2).
   It insulates you from electricity.
   It enhances your eyesight.
 d - a +5 plate armour of magic resistance (worn)
 i - the +1 shield of the Swamp {MR++ rCorr Str+4}
   (You acquired it on level 3 of the Elven Halls)

   It affects your strength (+4).
   It affects your resistance to hostile enchantments.
   It protects you from acid and corrosion.
 k - a +0 shield of reflection
 p - the +13 crystal plate armour of the Saviour {rPois Stlth+}
   (You found it on level 3 of the Elven Halls)

   It protects you from poison.
   It makes you more stealthy.
 q - a +1 pair of boots (worn)
 L - a +2 cloak of magic resistance (worn)
 T - the +7 chain mail of the Hall of Blades {rElec Regen+ rCorr Dex+5}
   (You found it on level 5 of the Dungeon)

   It affects your dexterity (+5).
   It insulates you from electricity.
   It increases your rate of regeneration.
   It protects you from acid and corrosion.
Jewellery
 j - an uncursed amulet of stasis
 r - an uncursed amulet of resist mutation
 v - a ring of protection from fire (right claw)
 w - the ring of the Mage {Wiz MR++ Int+3}
   (You found it on level 4 of the Depths)

   [ring of wizardry]

   It improves your spell success rate.
   It affects your intelligence (+3).
   It affects your resistance to hostile enchantments.
 A - the ring "Khohion" (left claw) {rN+ Dex+2}
   (You found it on level 1 of the Snake Pit)

   [ring of positive energy]

   It affects your dexterity (+2).
   It protects you from negative energy.
 B - an amulet of regeneration (around neck)
 D - an uncursed amulet of clarity
 M - an uncursed ring of teleportation
 P - the amulet "Guh Skogin" {Ward rF+ rC+ rN+}
   (You took it off a deep elf master archer on level 3 of the Elven Halls)

   [amulet of warding]

   It may prevent the melee attacks of summoned creatures.
   It protects you from fire.
   It protects you from cold.
   It protects you from negative energy.
 Q - an uncursed ring of protection from cold
 V - an uncursed ring of positive energy
 X - a ring of the Octopus King {SustAb AC+1 EV+1 Str+1 Int+1 Dex+1}
   (You found it on level 2 of the Depths)

   [ring of sustain abilities]

   It sustains your strength, intelligence and dexterity.
   It affects your AC (+1).
   It affects your evasion (+1).
   It affects your strength (+1).
   It affects your intelligence (+1).
   It affects your dexterity (+1).
Magical devices
 s - a wand of hasting (3)
 t - a wand of digging (5)
 J - a wand of heal wounds (3)
Scrolls
 b - 2 scrolls of blinking
 m - 29 scrolls of remove curse
 n - 12 scrolls of teleportation
 y - 10 scrolls of recharging
 G - 9 scrolls of fog
 K - a scroll of summoning
 O - 3 scrolls of silence
 R - a scroll of acquirement
 S - 2 scrolls of fear
 Y - 14 scrolls of identify
Potions
 f - 10 potions of might
 g - 5 potions of resistance
 h - 10 potions of haste
 l - 24 potions of curing
 o - 3 potions of agility
 z - a potion of cure mutation
 N - 7 potions of heal wounds
 U - 4 potions of invisibility
 W - 12 potions of restore abilities
Miscellaneous
 u - a stone of tremors
 x - a sack of spiders
 F - a phial of floods
 I - 3 phantom mirrors
Comestibles
 c - 36 bread rations
 C - 4 meat rations


   Skills:
 + Level 23.6 Fighting
 + Level 24.8(25.0) Axes
   Level 4.8(17.6) Maces & Flails
 + Level 22.9 Armour
 + Level 7.2 Dodging
 - Level 16.0 Shields
 - Level 9.0 Evocations


You had 26 spell levels left.
You didn't know any spells.

Dungeon Overview and Level Annotations

Branches:
Dungeon (15/15)            Temple (1/1) D:7            Lair (8/8) D:8
  Swamp (5/5) Lair:6        Snake (5/5) Lair:6        Slime (6/6) Lair:6
    Orc (4/4) D:9             Elf (3/3) Orc:4        Vaults (5/5) D:14
  Crypt (0/3) Vaults:2     Depths (5/5) D:15            Zot (5/5) Depths:5

Altars:
Ashenzari
Cheibriados
Dithmenos
Elyvilon
Fedhas
Gozag
Kikubaaqudgha
Makhleb
Nemelex Xobeh
Okawaru
Qazlal
Ru
Sif Muna
Trog
Vehumet
Xom
Yredelemnul
Zin
The Shining One
Lugonu

Shops:
D:4 :   D:8 [   D:9 :   D:11 :*   Orc:3 *[=[   Orc:4 (((%   Elf:2 *
Vaults:5 *

Portals:
Hell: Depths:1 Depths:2 Depths:3 Depths:4 Depths:5
Abyss: Depths:3 Depths:4
Pandemonium: Depths:3 Depths:5
Ziggurat: Depths:1

Annotations:
Lair:3 exclusion: downstairs
Slime:1 exclusion: downstairs
Elf:1 exclusion: 2 downstairs


Innate Abilities, Weirdness & Mutations

You have claws for hands.
You are completely covered in slimy green scales (AC +4, rPois).
You can steal the life force of all defeated enemies in sight.
Your magical and physical power is greatly enhanced at high health.
When hurt, damage is shared between your health and your magic reserves.
You regenerate magic rapidly.
When low on magic, you restore magic in place of health.
You are very frail (-20% HP).


Message History

The Orb Guardian barely misses you. The red devil misses you.
The Shadow Fiend hits you but does no damage. x3
The lorocyproca misses you.
Drink which item? (? for menu, Esc to quit)
You feel much better. The Orb Guardian hits you!!
* * * LOW HITPOINT WARNING * * *
The Orb Guardian misses you.
The red devil hits you from afar with a trident.
* * * LOW HITPOINT WARNING * * *
The Shadow Fiend hits you but does no damage.
The Shadow Fiend barely misses you. The Shadow Fiend hits you.
* * * LOW HITPOINT WARNING * * *
The lorocyproca hits you!
* * * LOW HITPOINT WARNING * * *
You feel your power leaking away.
Drink which item? (? for menu, Esc to quit)
You feel much better. The Orb Guardian hits you.
* * * LOW HITPOINT WARNING * * *
The Orb Guardian hits you!!!
You die...

#....## ##.### ######...
##.....### ##....## ##...##.#
#........#######....[.###.....###
#......................#...?...#.
......#........#.......#.......#.
..#...###......#.......#.......#.
.##....*######..#.....###..)..###
**#....***###...1#X..## ##...## #
* ##.....##....)@X#'#######)#####
* *,.........<..24..............
*,............................
****,,...........................
,,,,,,...........##'#######'#####
,,,,,,..........##...## ##...## #
,,,,,,,........##.....###..[..###
,***,,,,########.......#.......#.
** **,,** #.......#.......#.


You could see a Shadow Fiend, 2 Orb Guardians, a lorocyproca (invisible) and a
red devil.

Vanquished Creatures
  the royal jelly (Slime:6)
  An orb of fire (Zot:5)
  6 ancient liches
  Boris (Vaults:5)
  Margery (Vaults:4)
  Norris (Vaults:1)
  Saint Roka (Elf:3)
  A Killer Klown (Zot:5)
  6 caustic shrikes
  A curse toe (Zot:5)
  Mennas (Vaults:4)
  2 golden dragons
  Xtahua (Depths:4)
  Nikola (Swamp:4)
  An electric golem (Zot:5)
  An Ice Fiend (Elf:3)
  13 tentacled monstrosities
  23 Orb Guardians
  A Hell Sentinel (Zot:5)
  7 titans (Vaults:5)
  6 deep elf blademasters
  6 deep elf master archers (Elf:3)
  A Shadow Fiend (Depths:4)
  2 liches
  17 acid blobs
  2 pandemonium lords (Zot:3)
  Rupert (Vaults:1)
  4 tengu reavers
  4 sphinxes
  Agnes (Depths:3)
  2 ancient champions (Vaults:2)
  9 shadow dragons
  2 thorn hunters
  18 azure jellies
  9 storm dragons
  Roxanne (Elf:3)
  3 draconian monks
  9 fire giants
  Donald (Swamp:4)
  Wiglaf (Vaults:2)
  7 greater nagas
  7 deep elf sorcerers
  An iron dragon (Depths:2)
  5 frost giants
  A caustic shrike zombie (Depths:4)
  20 vault wardens
  3 draconian zealots
  A draconian knight (Zot:2)
  A ghost moth (shapeshifter) (Vaults:5)
  An orc warlord (Vaults:4)
  4 emperor scorpions
  5 ghouls
  14 very ugly things
  5 reapers (Depths:4)
  A spriggan defender (Depths:3)
  3 caustic shrike skeletons (Depths:4)
  17 ironheart preservers
  A draconian shifter (Zot:1)
  5 war gargoyles (Vaults:5)
  A balrug (Vaults:5)
  3 green draconians
  21 stone giants
  A corrupter (Zot:3)
  2 draconian callers
  8 rakshasas
  A black draconian (Zot:2)
  7 deep elf demonologists
  A mottled draconian (Depths:5)
  12 deep elf annihilators
  4 white draconians
  2 vampire knights
  4 grey draconians
  A small abomination (Vaults:5)
  A yellow draconian (Zot:1)
  8 red draconians
  A dire elephant (D:15)
  A pale draconian (Zot:1)
  A purple draconian (Zot:1)
  An ettin (shapeshifter) (Vaults:4)
  40 vault guards
  15 ettins
  15 yaktaur captains
  8 deep elf death magi
  2 minotaurs
  5 death oozes
  Josephine (Orc:3)
  18 fire dragons
  3 deep elf high priests
  22 hydras
  12 great orbs of eyes
  14 naga warriors
  Harold (Orc:3)
  13 ice dragons
  A death cob (Zot:3)
  2 ghost crabs
  3 spriggan air magi
  16 ogre magi
  7 centaur warriors
  6 deep troll earth magi
  Erica (Lair:2)
  3 catoblepae
  A satyr (shapeshifter) (Depths:5)
  16 dancing weapons
  10 deep troll shamans
  17 anacondas
  7 alligators
  38 death yaks
  4 tengu warriors
  A spriggan berserker (Depths:3)
  2 soul eaters (Depths:4)
  2 vampire magi
  18 spriggans
  A shock serpent (shapeshifter) (Vaults:5)
  Urug (Orc:3)
  12 naga sharpshooters
  7 shock serpents
  A titan zombie (Depths:4)
  2 large abominations
  2 storm dragon zombies (Depths:4)
  4 orc high priests
  26 deep elf knights
  18 hell knights
  2 sun demons
  A fire crab (Vaults:1)
  A storm dragon skeleton (Vaults:2)
  5 skeletal warriors
  3 shadow wraiths
  3 deep trolls (shapeshifter)
  A shadow demon (Zot:3)
  4 flayed ghosts
  8 salamander mystics
  4 iron trolls
  6 giant orange brains
  2 death drakes
  4 unseen horrors
  A gelid demonspawn (Zot:3)
  5 lindwurms
  10 swamp dragons
  An ice statue (Depths:5)
  6 shambling mangroves
  27 deep trolls
  5 deep elf summoners
  10 wizards
  An ice devil (Elf:3)
  2 deathcaps (Zot:5)
  11 harpies
  A tengu zombie (Depths:4)
  19 ironbrand convokers
  11 hill giants
  22 orc knights
  2 sphinx zombies
  9 naga ritualists
  13 cyclopes
  A tengu skeleton (Depths:4)
  14 necromancers
  7 shining eyes
  2 fire giant zombies
  14 salamanders
  6 manticores
  71 ugly things
  13 deep elf conjurers
  A wolf spider zombie (D:15)
  36 black mambas
  7 wolf spiders
  16 mana vipers
  8 moths of wrath
  2 elephants (Lair:6)
  A sphinx skeleton (Depths:4)
  2 orc sorcerers
  4 phantasmal warriors
  7 griffons
  3 sixfirhies
  An iron dragon skeleton (Depths:4)
  A salamander (shapeshifter) (Vaults:5)
  4 elf zombies (Depths:4)
  5 hornets
  2 spriggan zombies (Depths:4)
  2 black mambas (shapeshifter)
  The ghost of Aelig the Basher, an experienced OgAE (D:5)
  12 vault sentinels
  A rust devil (Vaults:5)
  19 spiny frogs
  A queen ant (Lair:2)
  A torpor snail (Lair:6)
  8 guardian serpents
  A guardian serpent (shapeshifter) (Depths:3)
  27 naga magi
  6 molten gargoyles
  8 eyes of devastation
  A gargoyle (D:13)
  An orange demon (Elf:3)
  3 kobold demonologists
  A smoke demon (Depths:5)
  A yaktaur zombie (Vaults:2)
  6 komodo dragons
  2 wandering mushrooms (Zot:5)
  14 deep elf priests
  47 yaktaurs
  4 spriggan druids
  4 fire drakes
  A yaktaur (shapeshifter) (Elf:2)
  A spectral water nymph (Swamp:4)
  4 freezing wraiths
  A tengu conjurer (Depths:2)
  5 baby alligators
  8 trolls
  A merfolk (shapeshifter) (Vaults:5)
  A golden dragon simulacrum (Depths:4)
  A harpy zombie (D:14)
  A queen bee (Lair:1)
  2 tengu simulacra (Vaults:2)
  7 giant leeches
  19 polar bears
  8 blink frogs
  Prince Ribbit (D:5)
  An iron dragon simulacrum (Depths:4)
  2 jumping spiders
  28 two-headed ogres
  A hornet zombie (D:14)
  8 bog bodies
  145 slime creatures
  16 ravens
  4 basilisks
  5 boulder beetles
  A fire giant simulacrum (Vaults:2)
  A frost giant simulacrum (Vaults:1)
  6 wraiths
  A tarantella (Vaults:5)
  2 elf simulacra (Depths:4)
  2 redbacks (shapeshifter)
  3 vampires
  14 redbacks
  An ettin skeleton (Vaults:2)
  3 water elementals
  40 deep elf magi
  A spriggan simulacrum (Depths:4)
  61 yaks
  2 shadows
  4 hungry ghosts
  A neqoxec (Elf:2)
  14 humans (Vaults:1)
  6 air elementals
  39 deep elf fighters
  45 vampire mosquitoes
  2 chaos spawn
  A yak (shapeshifter) (Vaults:5)
  15 golden eyes
  A human (shapeshifter) (Vaults:4)
  3 wyverns
  9 hippogriffs
  A yaktaur simulacrum (Vaults:2)
  A steam dragon (D:13)
  3 elf skeletons (Depths:4)
  28 swamp worms
  18 insubstantial wisps
  2 soldier ants (shapeshifter) (Vaults:4)
  39 wolves
  55 nagas
  3 mottled dragons
  8 wargs
  A human simulacrum (Vaults:1)
  38 water moccasins
  A dwarf (shapeshifter) (Vaults:3)
  A sky beast (shapeshifter) (Vaults:5)
  44 orc warriors
  3 phantoms
  2 soldier ants (Lair:2)
  7 porcupines
  A tengu (shapeshifter) (D:14)
  12 swamp drakes
  5 sky beasts
  6 eyes of draining
  4 ice beasts
  10 centaurs
  17 wasps
  4 black bears
  6 necrophages
  50 ogres
  14 boggarts
  A crocodile (shapeshifter) (Vaults:1)
  Sigmund (D:6)
  4 big kobolds
  14 crocodiles
  A brain worm (D:15)
  A lost soul (Elf:3)
  2 human skeletons (Vaults:2)
  13 scorpions
  24 giant frogs
  A cyclops skeleton (D:15)
  A wight (Vaults:2)
  34 killer bees
  A troll skeleton (D:9)
  5 electric eels
  A spriggan skeleton (D:9)
  11 crimson imps
  3 goliath beetles
  14 hounds
  6 centaur zombies
  3 giant frog zombies
  57 jellies
  6 lava snakes
  38 orc priests
  7 human zombies
  2 centaur skeletons
  A giant frog skeleton (D:9)
  38 orc wizards
  7 hell rats
  34 worker ants
  Natasha (thrice) (D:6)
  9 iguanas
  8 sheep
  2 big kobold zombies (Ossuary)
  Ijyb (D:2)
  A necrophage skeleton (Vaults:1)
  A hound skeleton (D:10)
  A hound zombie (D:5)
  3 mummies (Ossuary)
  6 gnolls
  36 river rats
  25 adders
  5 scorpion zombies (Ossuary)
  A giant mite (D:7)
  4 shadow imps
  2 worms (D:4)
  12 white imps (Lair:3)
  A giant eyeball (Depths:1)
  An adder skeleton (D:5)
  6 giant geckos
  An ooze (Lair:6)
  194 orcs
  3 ball pythons (D:2)
  8 bats
  A bat skeleton (D:7)
  5 giant cockroaches
  21 hobgoblins
  A giant gecko skeleton (D:4)
  5 giant newts
  21 goblins
  A goblin zombie (Ossuary)
  4 hobgoblin zombies
  19 jackals
  A jackal skeleton (D:5)
  36 kobolds
  A kobold zombie (Ossuary)
  2 orc zombies (Ossuary)
  15 quokkas
  A quokka skeleton (D:5)
  A quokka zombie (D:4)
  9 rats
  A rat zombie (D:4)
  A spectral orc (Swamp:4)
  2 ballistomycetes (D:14)
  8 briar patches
  5 crawling corpses
  11 fungi
  5 plants
3125 creatures vanquished.

Vanquished Creatures (collateral kills)
  Sojobo (Vaults:3)
  Frederick (Vaults:2)
  A tentacled monstrosity (Depths:4)
  Frances (Vaults:2)
  2 tengu reavers (Vaults:3)
  Maud (D:14)
  Aizul (Snake:3)
  A frost giant (IceCv)
  A vault warden (Vaults:3)
  The ghost of Sar the Grappler, a powerful TrCj of Xom (D:13)
  An anaconda (Snake:5)
  4 hydras
  A death yak (IceCv)
  A shock serpent (Snake:2)
  5 hell knights
  An ironbrand convoker (Vaults:3)
  2 swamp dragons
  An ice statue (IceCv)
  A mana viper (Snake:5)
  A salamander (Snake:2)
  A hornet (Swamp:1)
  A black mamba (Snake:5)
  A guardian serpent (Snake:5)
  A polar bear (IceCv)
  2 slime creatures (Slime:4)
  2 ravens (Swamp:4)
  A human (Vaults:1)
  A yak (IceCv)
  3 deep elf fighters
  3 wolves (IceCv)
  An insubstantial wisp (Swamp:3)
  A swamp worm (Swamp:1)
  5 orc warriors (Orc:4)
  A water moccasin (Snake:3)
  2 ice beasts (IceCv)
  A phantom (D:7)
  2 big kobolds
  A centaur (D:7)
  A killer bee (D:7)
  5 wights (D:8)
  5 orc priests
  2 orcs
  2 kobolds (D:13)
74 creatures vanquished.

Vanquished Creatures (others)
  A lich (Depths:1)
  A draconian scorcher (Zot:3)
  A fire giant (Depths:3)
  A stone giant (Slime:6)
  A shadow wraith (Vaults:3)
  A deep troll (Slime:6)
  2 hill giants
  A necromancer (Vaults:1)
  3 water elementals
  3 trolls
  2 ravens
  A vampire mosquito (Swamp:1)
  A deep elf fighter (Elf:2)
  A boggart (Vaults:2)
  An ogre (Lair:1)
  A lost soul (Vaults:2)
  A killer bee (D:12)
  A worker ant zombie (D:5)
  A giant eyeball (Depths:1)
  A giant spore (D:14)
  A gnoll zombie (Ossuary)
  A briar patch (Swamp:3)
  5 fungi
  9 plants (Lair:8)
42 creatures vanquished.

Grand Total: 3241 creatures vanquished

Notes
Turn   | Place    | Note
--------------------------------------------------------------
     0 | D:1      | ketsa, the Demonspawn Berserker, began the quest for the Orb.
     0 | D:1      | Reached XP level 1. HP: 18/18 MP: 1/1
   234 | D:1      | Gained mutation: You are partially covered in slimy green scales (AC +2). [demonic ancestry]
   234 | D:1      | Reached XP level 2. HP: 20/24 MP: 2/2
   890 | D:1      | Acquired Trog's second power
  1116 | D:1      | Reached skill level 4 in Axes
  1116 | D:1      | Gained mutation: You can steal the life force of nearby defeated enemies. [demonic ancestry]
  1116 | D:1      | Reached XP level 3. HP: 21/29 MP: 3/3
  1635 | D:2      | Noticed Ijyb
  1666 | D:2      | Killed Ijyb
  1666 | D:2      | Reached XP level 4. HP: 30/35 MP: 4/4
  2174 | D:2      | Reached skill level 5 in Axes
  2436 | D:3      | Gained mutation: You can steal the life force of defeated enemies. [demonic ancestry]
  2436 | D:3      | Reached XP level 5. HP: 41/41 MP: 5/5
  2685 | D:3      | Found a bloodstained altar of Trog.
  2766 | D:3      | Found a white marble altar of Elyvilon.
  3035 | D:4      | Noticed an ogre
  3048 | D:4      | Killed an ogre
  3048 | D:4      | Reached skill level 6 in Axes
  3062 | D:4      | Reached XP level 6. HP: 35/47 MP: 6/6
  3090 | D:4      | Found a sand-covered staircase.
  3111 | Ossuary  | Entered an ossuary
  3576 | Ossuary  | Reached skill level 7 in Axes
  3823 | Ossuary  | Gained mutation: You are mostly covered in slimy green scales (AC +3). [demonic ancestry]
  3823 | Ossuary  | Reached XP level 7. HP: 47/52 MP: 7/7
  4388 | Ossuary  | Reached skill level 8 in Axes
  4833 | Ossuary  | Reached skill level 9 in Axes
  4833 | Ossuary  | Gained mutation: You have sharp fingernails. [demonic ancestry]
  4833 | Ossuary  | Reached XP level 8. HP: 43/58 MP: 8/8
  5086 | D:4      | Got a pair of transparent gloves
  5092 | D:4      | Identified the +1 pair of gloves of Refuge {-Tele rF+ rN+ Int-3 Dex+6} (You found it on level 4 of the Dungeon)
  5365 | D:4      | Acquired Trog's third power
  5392 | D:4      | Found Nakiorgh's Book Shop.
  5922 | D:4      | Noticed an ogre
  5945 | D:4      | Killed an ogre
  6354 | D:5      | Entered Level 5 of the Dungeon
  6406 | D:5      | Got a heavily runed chain mail
  6417 | D:5      | Identified the +7 chain mail of the Hall of Blades {rElec Regen+ rCorr Dex+5} (You found it on level 5 of the Dungeon)
  6538 | D:5      | Noticed Aelig's ghost (experienced OgAE)
  6970 | D:5      | Killed Aelig's ghost
  7020 | D:5      | Reached skill level 5 in Fighting
  7020 | D:5      | Gained mutation: You have very sharp fingernails. [demonic ancestry]
  7020 | D:5      | Reached XP level 9. HP: 68/68 MP: 9/9
  7067 | D:5      | Noticed Prince Ribbit
  7076 | D:5      | Killed Prince Ribbit
  7614 | D:5      | Reached skill level 10 in Axes
  7874 | D:6      | Noticed Natasha
  7887 | D:6      | Killed Natasha
  8077 | D:6      | Noticed Sigmund
  8086 | D:6      | Killed Sigmund
  8086 | D:6      | Reached skill level 5 in Armour
  8125 | D:6      | Found a snail-covered altar of Cheibriados.
  8211 | D:6      | Found a shattered altar of Ashenzari.
  8215 | D:6      | Found an iron altar of Okawaru.
  8297 | D:6      | Noticed Natasha
  8305 | D:6      | Killed Natasha
  8529 | D:6      | Noticed Natasha
  8534 | D:6      | Killed Natasha
  9023 | D:7      | Found a staircase to the Ecumenical Temple.
  9655 | Temple   | Entered the Ecumenical Temple
 10062 | D:8      | Found Fuyrphic's Antique Armour Emporium.
 10184 | D:8      | Found a sacrificial altar of Ru.
 10201 | D:8      | Received a gift from Trog
 10364 | D:8      | Gained mutation: When hurt, damage is shared between your health and your magic reserves. [demonic ancestry]
 10364 | D:8      | Reached XP level 10. HP: 64/79 MP: 10/10
 10414 | D:8      | Received a gift from Trog
 10737 | D:8      | Bought a glowing cloak for 94 gold pieces
 10784 | D:8      | Reached skill level 11 in Axes
 11016 | D:8      | Found a staircase to the Lair.
 11038 | Lair:1   | Entered Level 1 of the Lair of Beasts
 11955 | Lair:2   | Reached XP level 11. HP: 66/87 MP: 4/11
 12384 | Lair:2   | Noticed Erica
 12402 | Lair:2   | Killed Erica
 12405 | Lair:2   | Reached skill level 12 in Axes
 13576 | Lair:3   | Reached skill level 10 in Fighting
 13595 | Lair:3   | Found a frozen archway.
 13615 | IceCv    | Entered an ice cave
 13911 | IceCv    | Gained mutation: You have claws for hands. [demonic ancestry]
 13911 | IceCv    | Reached XP level 12. HP: 98/98 MP: 12/12
 13943 | IceCv    | Received a gift from Trog
 14231 | IceCv    | Noticed an ice statue
 14640 | IceCv    | Killed an ice statue
 14640 | IceCv    | Reached skill level 13 in Axes
 14640 | IceCv    | Reached skill level 10 in Armour
 14664 | IceCv    | Noticed a death yak
 14664 | IceCv    | Noticed a death yak
 14674 | IceCv    | Killed a death yak
 14700 | IceCv    | Killed a death yak
 14751 | IceCv    | Noticed a frost giant
 14751 | IceCv    | Noticed a death yak
 14751 | IceCv    | Noticed a death yak
 14767 | IceCv    | Killed a death yak
 14774 | IceCv    | Killed a death yak
 14796 | IceCv    | Killed a frost giant
 15646 | Lair:4   | Noticed a seven-headed hydra
 16429 | D:9      | Reached XP level 13. HP: 107/107 MP: 13/13
 16487 | D:9      | Found Seatoafe's Book Shoppe.
 16671 | D:9      | Found a staircase to the Orcish Mines.
 16704 | D:9      | Reached skill level 1 in Evocations
 16822 | D:9      | Received a gift from Trog
 16825 | D:9      | Got a warped arbalest {god gift}
 16925 | D:9      | Found a runed door.
 16999 | D:9      | Found a bloodstained altar of Trog.
 17000 | D:9      | Found a shadowy altar of Dithmenos.
 17230 | D:9      | Got a faintly glowing rapier
 17234 | D:9      | Identified the +9 rapier of Struel {pierce, rC+ MR+ Str-3 Int+2} (You found it on level 9 of the Dungeon)
 17280 | Orc:1    | Entered Level 1 of the Orcish Mines
 17280 | Orc:1    | Found an ancient bone altar of Kikubaaqudgha.
 17855 | Orc:2    | Received a gift from Trog
 18269 | Orc:3    | Found Qoiso's Armour Emporium.
 18269 | Orc:3    | Noticed Urug
 18270 | Orc:3    | Found Qycomooq's Jewellery Boutique.
 18340 | Orc:3    | Killed Urug
 18432 | Orc:3    | Found Muopeaff's Assorted Antiques.
 18436 | Orc:4    | Entered Level 4 of the Orcish Mines
 18468 | Orc:3    | Bought a steaming copper ring for 160 gold pieces
 18473 | Orc:3    | Identified the ring "Niaggywn" {SustAb rPois MP+9 Str+6 Dex-5} (You bought it in a shop on level 3 of the Orcish Mines)
 18479 | Orc:3    | Bought 2 potions of curing for 192 gold pieces
 18573 | Orc:3    | Reached skill level 14 in Axes
 18588 | Orc:3    | Noticed Josephine
 18599 | Orc:3    | Killed Josephine
 18696 | Orc:3    | Found Guumowk's Armour Boutique.
 18696 | Orc:3    | Noticed Harold
 18790 | Orc:3    | Killed Harold
 18905 | Orc:3    | Bought a +2 cloak of magic resistance for 301 gold pieces
 19208 | Orc:4    | Found a staircase to the Elven Halls.
 19221 | Orc:4    | Received a gift from Trog
 20007 | D:10     | Entered Level 10 of the Dungeon
 20239 | D:11     | Found Wivijeet's Book Emporium.
 20249 | D:11     | Reached skill level 1 in Maces & Flails
 20954 | D:11     | Received a gift from Trog
 20997 | D:11     | Found Sualit's Assorted Antiques.
 21951 | D:12     | Reached skill level 5 in Evocations
 22845 | D:15     | Entered Level 15 of the Dungeon
 22986 | D:14     | Found a gate to the Vaults.
 23009 | D:13     | Gained mutation: You can steal the life force of all defeated enemies in sight. [demonic ancestry]
 23009 | D:13     | Reached XP level 14. HP: 116/116 MP: 20/23
 23193 | D:14     | Noticed Maud
 23227 | D:14     | Killed Maud
 24262 | D:15     | Reached skill level 15 in Axes
 24363 | D:15     | Found a shadowy altar of Dithmenos.
 24701 | D:15     | Found a shimmering altar of Xom.
 25032 | D:15     | Received a gift from Trog
 25185 | D:15     | Found a staircase to the Depths.
 25185 | D:15     | Noticed a dire elephant
 25210 | D:15     | Killed a dire elephant
 25295 | Depths:1 | Entered Level 1 of the Depths
 25595 | Lair:4   | Killed a seven-headed hydra
 25709 | Lair:4   | Identified a scroll of acquirement
 26596 | Lair:5   | Gained mutation: You regenerate magic rapidly. [demonic ancestry]
 26596 | Lair:5   | Reached XP level 15. HP: 124/124 MP: 26/26
 27726 | Lair:6   | Found a staircase to the Swamp.
 27732 | Swamp:1  | Entered Level 1 of the Swamp
 27794 | Lair:6   | Received a gift from Trog
 27818 | Lair:6   | Found a staircase to the Snake Pit.
 27840 | Snake:1  | Entered Level 1 of the Snake Pit
 27852 | Snake:1  | Got a vibrating golden ring
 27854 | Snake:1  | Identified the ring "Khohion" {rN+ Dex+2} (You found it on level 1 of the Snake Pit)
 27912 | Lair:6   | Found a staircase to the Slime Pits.
 27934 | Slime:1  | Entered Level 1 of the Pits of Slime
 28726 | Lair:8   | Entered Level 8 of the Lair of Beasts
 29272 | Lair:8   | Received a gift from Trog
 29292 | Lair:8   | Got an ichor-stained crystal plate armour
 30248 | Lair:8   | Received a gift from Trog
 30352 | Lair:8   | Reached skill level 16 in Axes
 31275 | Orc:4    | Found Ewiototed's Food Emporium.
 31275 | Orc:4    | Found Veif's Weapon Emporium.
 31275 | Orc:4    | Found Ziulol's Antique Weapon Shoppe.
 31275 | Orc:4    | Found Cahiaqif's Antique Weapon Emporium.
 31844 | Snake:1  | Received a gift from Trog
 33083 | Snake:2  | Gained mutation: You are completely covered in slimy green scales (AC +4, rPois). [demonic ancestry]
 33083 | Snake:2  | Reached XP level 16. HP: 133/133 MP: 28/28
 34048 | Snake:3  | Noticed Aizul
 34052 | Snake:3  | Killed Aizul
 34632 | Snake:5  | Entered Level 5 of the Snake Pit
 34658 | Snake:4  | Found a bloodstained altar of Trog.
 34749 | Snake:4  | Received a gift from Trog
 34749 | Snake:4  | Reached skill level 17 in Axes
 35433 | Snake:4  | Identified the +4 crystal plate armour of Dyspraxia {rElec rPois rF- MR+ Stlth+} (You acquired it on level 8 of the Lair of Beasts)
 35708 | Snake:4  | Reached skill level 15 in Fighting
 36378 | Swamp:1  | Received a gift from Trog
 37377 | Swamp:1  | Reached XP level 17. HP: 107/142 MP: 27/29
 38633 | Swamp:2  | Received a gift from Trog
 39246 | Swamp:3  | Reached skill level 18 in Axes
 40340 | Swamp:4  | Got a smoking ring mail
 40454 | Swamp:5  | Entered Level 5 of the Swamp
 40508 | Swamp:4  | Identified the +0 ring mail of Grace {+Blink Stlth+} (You found it on level 4 of the Swamp)
 40681 | Swamp:4  | Noticed Donald
 40701 | Swamp:4  | Killed Donald
 40879 | Swamp:4  | Noticed Nikola
 40909 | Swamp:4  | Killed Nikola
 41334 | Swamp:4  | Received a gift from Trog
 42475 | Snake:5  | Reached skill level 15 in Armour
 42942 | Snake:5  | Received a gift from Trog
 43876 | Snake:5  | Reached XP level 18. HP: 151/151 MP: 9/29
 43970 | Snake:5  | Reached skill level 19 in Axes
 44423 | Snake:5  | Received a gift from Trog
 44720 | Snake:5  | Received a gift from Trog
 44724 | Snake:5  | Got a pitted battleaxe {god gift}
 44725 | Snake:5  | Identified the +9 battleaxe of Xephogua {chop, rF+} (Trog gifted it to you on level 5 of the Snake Pit)
 44892 | Snake:5  | Got a serpentine rune of Zot
 45633 | Vaults:1 | Entered Level 1 of the Vaults
 45935 | Vaults:1 | Received a gift from Trog
 46423 | Vaults:1 | Gained mutation: Your magical and physical power is slightly enhanced at high health. [demonic ancestry]
 46423 | Vaults:1 | Reached XP level 19. HP: 153/159 MP: 23/30
 46435 | Vaults:1 | Received a gift from Trog
 46684 | Vaults:1 | Reached skill level 1 in Shields
 46698 | Vaults:1 | Noticed Rupert
 46718 | Vaults:1 | Killed Rupert
 46718 | Vaults:1 | Reached skill level 20 in Axes
 46801 | Vaults:1 | Noticed Norris
 46831 | Vaults:1 | Received a gift from Trog
 46857 | Vaults:1 | Killed Norris
 47792 | Vaults:1 | Received a gift from Trog
 48142 | Vaults:2 | Noticed Frances
 48142 | Vaults:2 | Noticed Wiglaf
 48161 | Vaults:2 | Killed Frances
 48388 | Vaults:2 | Noticed Frederick
 48399 | Vaults:2 | Killed Frederick
 48504 | Vaults:2 | Reached skill level 5 in Shields
 49240 | Vaults:3 | Gained mutation: When low on magic, you restore magic in place of health. [demonic ancestry]
 49240 | Vaults:3 | Reached XP level 20. HP: 85/151 MP: 19/31
 49501 | Vaults:2 | Received a gift from Trog
 49607 | Vaults:2 | Found a staircase to the Crypt.
 49992 | Vaults:2 | Received a gift from Trog
 49992 | Vaults:2 | Paralysed by a vampire knight for 3 turns
 50018 | Vaults:2 | Killed Wiglaf
 50926 | Vaults:3 | Received a gift from Trog
 50957 | Vaults:3 | Noticed Sojobo
 50966 | Vaults:3 | Killed Sojobo
 52097 | Vaults:4 | Received a gift from Trog
 52460 | Vaults:4 | Noticed Margery
 52632 | Vaults:4 | Killed Margery
 52632 | Vaults:4 | Gained mutation: Your magical and physical power is enhanced at high health. [demonic ancestry]
 52632 | Vaults:4 | Reached XP level 21. HP: 116/160 MP: 26/31
 52750 | Vaults:4 | Reached skill level 21 in Axes
 52810 | Vaults:4 | Received a gift from Trog
 52869 | Vaults:4 | Noticed Mennas
 53784 | Swamp:5  | Got a decaying rune of Zot
 54106 | Swamp:5  | Received a gift from Trog
 55313 | D:8      | Bought the +3 crown of Dyrovepreva {rElec Int+2 SInv} for 869 gold pieces
 55646 | Depths:2 | Found a flickering gateway to a bazaar.
 55661 | Bazaar   | Entered a bazaar
 55661 | Bazaar   | Found Ruvievva's Antique Weapon Emporium.
 55668 | Bazaar   | Found Yreoqus' Magic Scroll Boutique.
 55675 | Bazaar   | Found Laehet's General Store.
 55678 | Bazaar   | Bought a scroll of teleportation for 21 gold pieces
 55678 | Bazaar   | Bought a scroll of magic mapping for 24 gold pieces
 55678 | Bazaar   | Bought a scroll of enchant armour for 52 gold pieces
 55678 | Bazaar   | Bought a scroll of teleportation for 21 gold pieces
 55700 | Bazaar   | Found Mnifruq's Jewellery Shop.
 55707 | Bazaar   | Found Ryequ's Antique Armour Shop.
 55716 | Bazaar   | Bought a pair of runed boots for 76 gold pieces
 55758 | Bazaar   | Bought a potion of heal wounds for 50 gold pieces
 55758 | Bazaar   | Bought a scroll of blinking for 75 gold pieces
 55780 | Bazaar   | Bought an uncursed amulet of resist mutation for 520 gold pieces
 55780 | Bazaar   | Bought an uncursed ring of protection from fire for 325 gold pieces
 56114 | Depths:2 | Found a runed door.
 56142 | Depths:2 | Got a pair of encrusted boots
 56153 | Depths:2 | Identified the +2 pair of boots of Life {rC- Int+9 Stlth-} (You found it on level 2 of the Depths)
 56166 | Depths:2 | Got a ring of the Octopus King
 56168 | Depths:2 | Identified a ring of the Octopus King {SustAb AC+1 EV+1 Str+1 Int+1 Dex+1} (You found it on level 2 of the Depths)
 56308 | Depths:2 | Received a gift from Trog
 56655 | Depths:2 | Found a shimmering altar of Xom.
 56984 | Depths:2 | Received a gift from Trog
 57096 | Depths:2 | Found a gateway to Hell.
 57531 | Depths:3 | Noticed Agnes
 57538 | Depths:3 | Killed Agnes
 57603 | Depths:3 | Reached skill level 10 in Shields
 57640 | Depths:3 | Received a gift from Trog
 57778 | Depths:3 | Found a corrupted altar of Lugonu.
 57779 | Depths:3 | Found a one-way gate to the infinite horrors of the Abyss.
 57785 | Depths:3 | Reached XP level 22. HP: 110/169 MP: 23/32
 57977 | Depths:3 | Noticed a caustic shrike
 57977 | Depths:3 | Noticed a caustic shrike
 57986 | Depths:3 | Killed a caustic shrike
 57987 | Depths:3 | Noticed a caustic shrike
 57990 | Depths:3 | Noticed a caustic shrike
 57993 | Depths:3 | Noticed a caustic shrike
 57995 | Depths:3 | Noticed a caustic shrike
 58000 | Depths:3 | Killed a caustic shrike
 58016 | Depths:3 | Killed a caustic shrike
 58221 | Depths:2 | Killed a caustic shrike
 58534 | Depths:3 | Killed a caustic shrike
 58811 | Depths:1 | Received a gift from Trog
 58866 | Depths:1 | Noticed a lich
 58876 | Depths:1 | Killed a lich
 59017 | Depths:1 | Noticed a shadow dragon
 59045 | Depths:1 | Killed a shadow dragon
 59098 | Depths:1 | Found a gateway to a ziggurat.
 59241 | Depths:1 | Paralysed by a giant eyeball for 2 turns
 59774 | D:13     | Noticed Sar's ghost (powerful TrCj)
 59782 | D:13     | Killed Sar's ghost
 60092 | Elf:1    | Entered Level 1 of the Elven Halls
 60867 | Elf:1    | Received a gift from Trog
 61148 | Elf:2    | Found Zyasin's Assorted Antiques.
 61189 | Elf:3    | Entered Level 3 of the Elven Halls
 61540 | Elf:2    | Received a gift from Trog
 61741 | Elf:2    | Found a runed gate.
 61741 | Elf:2    | Found a runed gate.
 61741 | Elf:2    | Found a runed gate.
 62622 | Slime:1  | Noticed an azure jelly
 62622 | Slime:1  | Gained mutation: You tend to lose your temper in combat. [a shining eye]
 62633 | Slime:1  | Killed an azure jelly
 62716 | Slime:2  | Received a gift from Trog
 62723 | Slime:2  | Got a dazzling broad axe {god gift}
 62746 | Slime:2  | Reached skill level 22 in Axes
 63032 | Slime:4  | Reached XP level 23. HP: 179/179 MP: 31/32
 63104 | Slime:6  | Entered Level 6 of the Pits of Slime
 63569 | Slime:6  | Received a gift from Trog
 63731 | Slime:6  | Upgraded the game from 0.16-b1 to 0.16.0-8-gd9ae3a8
 64145 | Elf:2    | Identified the +6 broad axe of Gehenna {freeze, -Cast +Fly rElec rPois MR+} (Trog gifted it to you on level 2 of the Pits of Slime)
 64262 | Elf:2    | Got a faintly glowing chain mail
 64274 | Elf:2    | Identified the +5 chain mail of Virtue {rElec Int-4 Dex+2 Slay+3} (You found it on level 2 of the Elven Halls)
 64421 | Elf:2    | Got a glittering granite ring
 64423 | Elf:2    | Identified the ring "Gudeq" {rC+ Int+4 Stlth-} (You took it off a deep elf knight on level 2 of the Elven Halls)
 65001 | Elf:3    | Noticed Saint Roka
 65046 | Elf:3    | Killed Saint Roka
 65167 | Elf:3    | Received a gift from Trog
 65301 | Elf:3    | Noticed Roxanne
 65330 | Elf:3    | Killed Roxanne
 65794 | Elf:3    | Got a fine shield
 65805 | Elf:3    | Identified the +1 shield of the Swamp {MR++ rCorr Str+4} (You acquired it on level 3 of the Elven Halls)
 67452 | Elf:3    | Got a coiled golden amulet
 67453 | Elf:3    | Identified the amulet "Guh Skogin" {Ward rF+ rC+ rN+} (You took it off a deep elf master archer on level 3 of the Elven Halls)
 67571 | Elf:3    | Received a gift from Trog
 67743 | Elf:3    | Got a dazzling crystal plate armour
 67754 | Elf:3    | Identified the +13 crystal plate armour of the Saviour {rPois Stlth+} (You found it on level 3 of the Elven Halls)
 68209 | Vaults:5 | Entered Level 5 of the Vaults
 68243 | Vaults:4 | Killed Mennas
 68882 | Depths:1 | Paralysed by a giant eyeball for 3 turns
 68889 | Depths:1 | Paralysed by a giant eyeball for 3 turns
 68896 | Depths:1 | Paralysed by a giant eyeball for 3 turns
 68983 | Depths:1 | Identified a +2 rod of clouds (9/9) (You found it on level 1 of the Depths)
 69149 | Depths:1 | Lost mutation: You tend to lose your temper in combat. [potion of cure mutation]
 69162 | Depths:1 | Noticed a fire giant
 69169 | Depths:1 | Killed a fire giant
 69333 | Depths:1 | Received a gift from Trog
 69427 | Depths:1 | Reached XP level 24. HP: 190/190 MP: 33/33
 69564 | Depths:3 | Killed a caustic shrike
 69788 | Depths:3 | Found a one-way gate leading to the halls of Pandemonium.
 70478 | Depths:4 | Received a gift from Trog
 70561 | Depths:4 | Noticed Xtahua
 70581 | Depths:4 | Killed Xtahua
 70715 | Depths:5 | Entered Level 5 of the Depths
 70819 | Depths:4 | Noticed an ancient lich
 70819 | Depths:4 | Noticed an ancient lich
 70831 | Depths:4 | Killed an ancient lich
 70834 | Depths:4 | Killed an ancient lich
 70839 | Depths:4 | Found an ancient bone altar of Kikubaaqudgha.
 70896 | Depths:4 | Reached skill level 23 in Axes
 71130 | Depths:4 | Got a jewelled chain mail
 71141 | Depths:4 | Identified the +5 chain mail of Midwinter {rCorr Str+3} (You found it on level 4 of the Depths)
 71674 | Depths:4 | Received a gift from Trog
 72195 | Depths:5 | Found a gateway to a bazaar.
 72215 | Bazaar   | Entered a bazaar
 72229 | Bazaar   | Found Taocwon's Magic Scroll Shoppe.
 72235 | Bazaar   | Bought a scroll of teleportation for 39 gold pieces
 72246 | Bazaar   | Found Cranky's Antique Armour Shoppe.
 72262 | Bazaar   | Found Huanybb's Gadget Shoppe.
 72262 | Bazaar   | Found Onig's Armour Emporium.
 72345 | Bazaar   | Bought a scroll of identify for 26 gold pieces
 72345 | Bazaar   | Bought a scroll of acquirement for 676 gold pieces
 72345 | Bazaar   | Bought a scroll of enchant weapon for 97 gold pieces
 72534 | Depths:5 | Found a gate to the Realm of Zot.
 73252 | Slime:6  | Received a gift from Trog
 73346 | Slime:6  | Reached XP level 25. HP: 198/198 MP: 34/34
 73363 | Slime:6  | Gained mutation: You are frail (-10% HP). [a shining eye]
 73383 | Slime:6  | Noticed the royal jelly
 73514 | Slime:6  | Killed the royal jelly
 74567 | Slime:6  | Got a slimy rune of Zot
 74655 | Slime:6  | Got a scorched plate armour
 74666 | Slime:6  | Identified the +10 plate armour "Gocro" {rC+ Regen+} (You found it on level 6 of the Pits of Slime)
 75460 | Zot:1    | Entered Level 1 of the Realm of Zot
 76045 | Zot:5    | Entered Level 5 of the Realm of Zot
 76070 | Zot:5    | Received a gift from Trog
 77043 | Vaults:5 | Received a gift from Trog
 77074 | Vaults:4 | Reached skill level 15 in Shields
 77603 | Vaults:5 | Noticed an ancient lich
 77608 | Vaults:5 | Noticed Boris
 77609 | Vaults:5 | Killed an ancient lich
 77609 | Vaults:5 | Gained mutation: Your magical and physical power is greatly enhanced at high health. [demonic ancestry]
 77609 | Vaults:5 | Reached XP level 26. HP: 179/185 MP: 33/34
 77619 | Vaults:5 | Killed Boris
 77646 | Vaults:5 | Received a gift from Trog
 77931 | Vaults:5 | Reached skill level 24 in Axes
 77982 | Vaults:5 | Got a bound pewter ring
 77984 | Vaults:5 | Identified the ring of Lotet {MP+9 Str+6 Int-3} (You took it off a vault sentinel on level 5 of the Vaults)
 78139 | Vaults:5 | Found Fadydgh's Assorted Antiques.
 78148 | Vaults:5 | Bought a scroll of teleportation for 90 gold pieces
 78148 | Vaults:5 | Bought a potion of haste for 300 gold pieces
 78148 | Vaults:5 | Bought a potion of heal wounds for 150 gold pieces
 78148 | Vaults:5 | Bought a glass ring for 150 gold pieces
 78232 | Vaults:5 | Received a gift from Trog
 78307 | Vaults:5 | Got a wavering marble ring
 78308 | Vaults:5 | Identified the ring "Truah" {Wiz rC- rN+ MR+ Str-2 SInv} (You found it on level 5 of the Vaults)
 78688 | Vaults:5 | Got a transparent amber ring
 78689 | Vaults:5 | Identified the ring of Truddoa {+Inv rF- rC+ Str+2 Stlth+} (You found it on level 5 of the Vaults)
 79127 | Vaults:5 | Got a silver rune of Zot
 80188 | Zot:1    | Upgraded the game from 0.16.0-8-gd9ae3a8 to 0.16.0-11-gd45b091
 80415 | Zot:4    | Received a gift from Trog
 80909 | Zot:5    | Reached XP level 27. HP: 88/194 MP: 21/35
 81736 | Orc:3    | Bought an uncursed amulet of stasis for 227 gold pieces
 82493 | Zot:5    | Noticed an ancient lich
 82493 | Zot:5    | Noticed an orb of fire
 82511 | Zot:5    | Killed an ancient lich
 82511 | Zot:5    | Reached skill level 5 in Dodging
 82512 | Zot:5    | Noticed an ancient lich
 82513 | Zot:5    | Gained mutation: You are very frail (-20% HP). [an orb of fire]
 82515 | Zot:5    | Killed an ancient lich
 82516 | Zot:5    | Killed an orb of fire
 82517 | Zot:5    | Noticed an ancient lich
 82520 | Zot:5    | Killed an ancient lich
 83330 | Zot:5    | Received a gift from Trog
 83340 | Zot:5    | Got the Orb of Zot
 83459 | Zot:3    | Noticed Turyt the pandemonium lord
 83464 | Zot:3    | Killed Turyt the pandemonium lord
 83469 | Zot:3    | Noticed Stiz the pandemonium lord
 83478 | Zot:3    | Killed Stiz the pandemonium lord
 83483 | Zot:3    | HP: 7/171 [lorocyproca[Stiz] (5)]
 83484 | Zot:3    | Demolished by an Orb Guardian

Action                   |  1- 3 |  4- 6 |  7- 9 | 10-12 | 13-15 | 16-18 | 19-21 | 22-24 | 25-27 || total
-------------------------+-------+-------+-------+-------+-------+-------+-------+-------+-------++-------
Melee: Hand axe          |   138 |   275 |   466 |       |       |       |       |       |       ||   879
       War axe           |       |       |   366 |    48 |       |       |       |       |       ||   414
       Battleaxe         |       |       |       |   888 |  1835 |  1131 |  1392 |   742 |   186 ||  6174
       Flail             |       |       |       |       |   521 |   740 |       |       |       ||  1261
       Unarmed           |       |       |       |       |    15 |       |       |       |       ||    15
       Broad axe         |       |       |       |       |     3 |   344 |       |   607 |   596 ||  1550
 Fire: Blowgun           |       |     4 |       |       |       |       |       |       |       ||     4
Throw: Stone             |     6 |     2 |     2 |     2 |       |       |       |       |       ||    12
       Tomahawk          |       |       |       |       |    13 |     4 |       |     5 |     1 ||    23
Invok: Berserk           |     1 |     2 |     6 |     2 |     6 |     2 |     2 |       |       ||    21
       Trog's Hand       |       |       |     5 |     3 |     3 |     3 |     9 |    23 |     5 ||    51
       Brothers in Arms  |       |       |     1 |     7 |     3 |     7 |     7 |     8 |     4 ||    37
       Burn Spellbooks   |       |       |     1 |     1 |     1 |     1 |     2 |     4 |     8 ||    18
Evoke: Wand              |       |       |       |     2 |       |       |       |     5 |     7 ||    14
       Phial of floods   |       |       |       |       |       |     1 |       |     1 |       ||     2
       Stone of tremors  |       |       |       |       |       |       |       |     1 |       ||     1
  Use: Potion            |       |     2 |     1 |     1 |     5 |     1 |     6 |     5 |     9 ||    30
       Scroll            |       |       |     2 |    28 |    16 |    10 |     4 |    17 |    17 ||    94
 Stab: Paralysed         |       |       |     1 |       |       |       |       |       |       ||     1
       Fleeing           |       |       |       |     1 |       |       |       |       |       ||     1
       Distracted        |       |       |       |     1 |     1 |     1 |       |     2 |     1 ||     6
       Confused          |       |       |       |       |       |     1 |     1 |       |       ||     2
       Sleeping          |       |       |       |       |       |       |     1 |       |       ||     1
  Eat: Chunk             |     3 |     7 |    18 |    17 |    45 |    39 |    29 |    13 |    22 ||   193
       Pizza             |       |     1 |       |       |     2 |     1 |     1 |     3 |       ||     8
       Meat ration       |       |       |     1 |     2 |     6 |     4 |     1 |     4 |     3 ||    21
       Bread ration      |       |       |     1 |       |       |       |       |       |       ||     1
       Fruit             |       |       |     3 |     3 |     5 |       |     7 |     8 |       ||    26
       Beef jerky        |       |       |       |     1 |     1 |       |     1 |     3 |       ||     6
       Royal jelly       |       |       |       |       |       |     2 |     1 |     5 |       ||     8
